 Dungeon Crawl Stone Soup version 0.27.1-3-gb3d3a73c9e (webtiles) character file.

Game seed: 10462048696146559997

123 r3algood4 the Chopper (level 4, -2/41 HPs)
             Began as a Minotaur Berserker on Oct 6, 2021.
             Was a Believer of Trog.
             Slain by an orc (5 damage)
             ... on level 3 of the Dungeon.
             The game lasted 00:04:08 (2673 turns).

r3algood4 the Chopper (Minotaur Berserker)          Turns: 2673, Time: 00:04:09

Health: -2/41      AC:  2    Str: 23    XL:     4   Next: 79%
Magic:  3/3        EV: 12    Int:  4    God:    Trog [**....]
Gold:   139        SH:  0    Dex:  9    Spells: 3/3 levels left

rFire    . . .     SeeInvis .   a - +0 hand axe
rCold    . . .     Faith    .   (no shield)
rNeg     . . .     Spirit   .   b - +0 animal skin
rPois    .         Reflect  .   (helmet restricted)
rElec    .         Harm     .   (no cloak)
rCorr    .         Rampage  .   (no gloves)
Will     .....                  (no boots)
Stlth    +.........             (no amulet)
HPRegen  0.13/turn              (no ring)
MPRegen  0.08/turn              (no ring)

@: no status effects
A: horns 2, retaliatory headbutt
a: Renounce Religion, Berserk, Trog's Hand


You were on level 3 of the Dungeon.
You worshipped Trog.
Trog was pleased with you.
You visited 1 branch of the dungeon, and saw 3 of its levels.

You collected 139 gold pieces.

Inventory:

Hand Weapons
 a - a +0 hand axe (weapon)
Armour
 b - a +0 animal skin (worn)
Scrolls
 f - a scroll of enchant armour {unknown}
Potions
 c - a potion of degeneration {unknown}
 d - 2 potions of mutation
 e - a potion of brilliance {unknown}
 g - a potion of might
 h - a potion of heal wounds {unknown}
 i - a potion of resistance {unknown}
 j - a potion of lignification {unknown}


   Skills:
 + Level 4.5 Fighting
 + Level 4.6 Axes
 + Level 3.6 Armour
 + Level 3.3 Dodging


You had 3 spell levels left.
You didn't know any spells.
Your spell library contained the following spells:

 Spells                   Type           Power      Damage    Failure   Level
 Corpse Rot               Necr/Air       N/A        N/A       65%         2
 Poisonous Vapours        Pois/Air       0%         N/A       65%         2
 Freezing Cloud           Conj/Ice/Air   0%         6-21      100%        5


Dungeon Overview and Level Annotations

Branches:
Dungeon (3/15)

Altars:

Shops:
D:2 !   D:3 [


Innate Abilities, Weirdness & Mutations

You have a pair of horns on your head.
You reflexively headbutt those who attack you in melee.


Message History

The orc hits you with a +0 flail.
You are too injured to fight recklessly!
You are too injured to fight recklessly!
You are too injured to fight recklessly!
You are too injured to fight recklessly!
You are too injured to fight recklessly!
You are too injured to fight recklessly!
You are too injured to fight recklessly!
You are too injured to fight recklessly!
You are too injured to fight recklessly!
You are too injured to fight recklessly!
You are too injured to fight recklessly!
You are too injured to fight recklessly!
You are too injured to fight recklessly!
You are too injured to fight recklessly!
You are too injured to fight recklessly!
You are too injured to fight recklessly!
You are too injured to fight recklessly!
You are too injured to fight recklessly!
You are too injured to fight recklessly!
You are too injured to fight recklessly!
You hit the orc. You headbutt the orc.
The orc is almost dead.
You hit the orc. You barely miss something.
The orc hits you with a +0 short sword.
* * * LOW HITPOINT WARNING * * *
Something completely misses you. The orc hits you with a +0 flail.
* * * LOW HITPOINT WARNING * * *
You hit the orc.
You kill the orc!
Trog accepts your kill.
You closely miss the orc. You slash something! Trog accepts your kill.
Reactivating autopickup.
You feel a bit more experienced. The orc hits you with a +0 flail!
* * * LOW HITPOINT WARNING * * *
You closely miss the orc.
The orc is heavily wounded.
The orc hits you with a +0 flail.
You die...

#...........^........ #.
#.........######..... #)
#.........+ .. #.
#.........# # ##.##)
..........###.# #<..#.
.......)).....######..#.
...>....................
..............########..
.......@........ +..
......o)).....## #..
................ #..
................ ##+
.......###..... .......
##### ####... #...


You could see an orc.

Vanquished Creatures
  An orc priest (D:3)
  An orc wizard (D:3)
  An adder (D:2)
  A dart slug (D:2)
  7 orcs (D:3)
  5 endoplasms
  4 giant cockroaches
  7 hobgoblins
  2 kobolds (D:2)
  2 quokkas
  3 ball pythons (D:2)
  4 bats (D:1)
  3 frilled lizards
  4 goblins
  4 rats
49 creatures vanquished.

Notes
Turn   | Place    | Note
-------+----------+-------------------------------------------
     0 | D:1      | r3algood4 the Minotaur Berserker began the quest for the
                  | Orb.
     0 | D:1      | Reached XP level 1. HP: 19/19 MP: 0/0
   195 | D:1      | Reached XP level 2. HP: 17/27 MP: 1/1
   807 | D:1      | Found a faded altar of an unknown god.
  1204 | D:2      | Reached ** piety under Trog
  1371 | D:2      | Reached XP level 3. HP: 33/33 MP: 2/2
  1402 | D:2      | Found Qosiz's Distillery.
  2352 | D:3      | Found Ejaj's Antique Armour Shoppe.
  2487 | D:3      | Reached XP level 4. HP: 29/41 MP: 3/3
  2672 | D:3      | HP: 2/41 [orc (8)]
  2673 | D:3      | Slain by an orc

Illustrated notes

Levels and vault maps discovered:
D:1:      saegor_arrival_under_anarchy, layout_loops_ring,
          hellmonk_ecumenical_altar_pennies_from_heaven
D:2:      layout_basic, serial_shops, nicolae_shop_trees
D:3:      layout_basic, serial_shops, shop, shop, uniq_natasha

Skill      XL: |  1  2  3 |
---------------+----------+-----
Axes           | 4 |  4.6
Fighting       | 4 |  4.5
Armour         | 3 |  3.6
Dodging        | 3 |  3.3

Action                   |  1- 3 |  4- 6 || total
-------------------------+-------+-------++-------
Melee: Hand axe          |    80 |    22 ||   102
       Headbutt          |    12 |     6 ||    18
  Use: Scroll            |     2 |       ||     2
 Stab: Sleeping          |     1 |       ||     1
Armor: Animal skin       |    15 |     3 ||    18
Dodge: Dodged            |    46 |    12 ||    58
